AoeStats
← mauri90.hermosilla

Arena

509792220Analyzed
1v1 RM · 5d ago on Sep 28, 2026· 37m 56s· 2 players
Game mode
Random Map
Map size
Tiny (2 player)
Population
200
Speed
Normal
Resources
Standard
Victory
Conquest
Starting age
Dark Age
Ending age
Imperial Age
RankedLock teamsTeams togetherTeam positionsShared explorationLock speedFull tech treeHidden civsTurbo modeCheats
Victory
Defeat
🇨🇴 Franks · Colombia
970
+18
🇨🇱 Spanish · Chile
1011
-18
andresphones
8:20 Loom
10:33 Feudal Age
15:58 Castle Age
15:34 Double-Bit Axe
21:53 Fletching
22:04 Padded Archer Armor
22:37 Bow Saw
22:00 Elite Skirmisher
27:06 Bodkin Arrow
27:30 Leather Archer Armor
31:01 Imperial Age
31:20 Light Cavalry
32:14 Forging
32:10 Scale Barding Armor
32:56 Husbandry
35:46 Wheelbarrow
39:06 Iron Casting
38:52 Chain Barding Armor
mauri90.hermosilla
12:05 Feudal Age
13:26 Loom
15:54 Castle Age
14:03 Stone Mining
23:56 Double-Bit Axe
24:27 Fervor
27:55 Wheelbarrow
28:48 Horse Collar
29:28 Bow Saw
29:46 Gold Mining
30:39 Fletching
30:56 Heavy Plow
31:15 Hand Cart
33:45 Pikeman
35:12 Husbandry
38:00 Forging
37:56 Scale Barding Armor
Connection lost

Rejoining the realm…

Still unreachable

The connection could not be restored.

Session expired

The server has moved on; the page needs a fresh start.